 Dungeon Crawl Stone Soup version 0.14.1-24-gbdbe590 (webtiles) character file.

223 Kenran the Insei (level 5, -6/39 HPs)
             Began as a Vampire Monk on June 19, 2014.
             Mangled by Grinder (10 damage)
             ... on Level 3 of the Dungeon.
             The game lasted 00:07:56 (1748 turns).

Kenran the Insei (Vampire Monk)                     Turns: 1748, Time: 00:07:56

HP  -6/39        AC  3     Str 10      XL: 5   Next:  5%
MP   5/5         EV 14     Int 12      God:
Gold 79          SH  0     Dex 17      Spells:  0 memorised,  4 levels left

rFire  . . .     SeeInvis +       - Unarmed
rCold  . . .     Clarity  .     a - +1 robe
rNeg   + . .     Conserve .     (no shield)
rPois  .         rCorr    .     (no helmet)
rElec  .         rRot     .     (no cloak)
SustAb . .       Spirit   .     (no gloves)
rMut   .         Warding  .     (no boots)
Saprov . . .     Stasis   .     (no amulet)
MR     .....                    (no ring)
                                i - ring of positive energy

@: regenerating quickly, not resistant to hostile enchantments, stealthy
A: fangs 3, see invisible, unbreathing
a: no special abilities


You were on level 3 of the Dungeon.
You were very full.

You visited 1 branch of the dungeon, and saw 4 of its levels.

You collected 79 gold pieces.

Inventory:

Armour
 a - a +1 robe (worn)
Scrolls
 c - 3 scrolls of identify
 d - 2 scrolls of teleportation
 g - 2 scrolls of fear
 j - a scroll of amnesia {unknown}
 m - a scroll of magic mapping
Jewellery
 i - a ring of positive energy (left hand)
 o - an uncursed ring of poison resistance {unknown}
Potions
 b - a potion of blood
 e - a potion of flight
 f - a potion of invisibility {unknown}
 h - 2 potions of curing
 k - a potion of heal wounds {unknown}
 l - a potion of might
 n - a potion of restore abilities {unknown}


   Skills:
 - Level 2.6 Fighting
 - Level 3.2 Dodging
 - Level 3.0 Stealth
 + Level 7.0 Unarmed Combat


You had 4 spell levels left.
You didn't know any spells.

Dungeon Overview and Level Annotations

Branches:
Dungeon (4/15)
 Temple: D:4-7

Altars:
Ashenzari

Annotations:
D:2 Sigmund
D:3 Grinder


Innate Abilities, Weirdness & Mutations

Your natural rate of healing is unusually fast.
You have razor-sharp teeth.*
You have supernaturally acute eyesight.
You can survive without breathing.*


Message History

* * * LOW HITPOINT WARNING * * *
You hit Grinder.
Grinder is heavily wounded.
You hit Grinder but do no damage. You bite Grinder, but do no damage.
Grinder is heavily wounded.
Grinder closely misses you.
You punch Grinder!
Grinder is severely wounded.
Grinder misses you.
You hit Grinder. You bite Grinder.
Grinder is almost dead.
Grinder gestures at you. Pain shoots through your body!
* * * LOW HITPOINT WARNING * * *
You completely miss Grinder.
Grinder is almost dead.
Grinder gestures.
Grinder blinks!
Grinder hits you!
You die...

#....... ########
############
#...........
#.########## #.# #.#
############.#######
#....5@>.............
#.#####J####.#######
#.......########
#..............+
#.####...#######..###
#................%#
######...########.#
#...# #...... #...#
####...


You could see Grinder and an ooze.

Vanquished Creatures
  Ijyb (D:2)
  Terence (D:2)
  5 adders
  2 giant geckos
  An ooze (D:1)
  3 orcs (D:3)
  5 giant cockroaches
  10 goblins
  10 hobgoblins
  4 jackals (D:1)
  6 kobolds
  A quokka (D:2)
  A ball python (D:2)
  6 bats
  4 giant newts
  3 rats
63 creatures vanquished.

Notes
Turn   | Place    | Note
--------------------------------------------------------------
     0 | D:1      | Kenran, the Vampire Monk, began the quest for the Orb.
     0 | D:1      | Reached XP level 1. HP: 17/17 MP: 1/1
     0 | D:1      | Noticed an iron imp
     3 | D:1      | Noticed Ganwi the pandemonium lord
    12 | D:1      | Noticed an Executioner
    14 | D:1      | Noticed a sun demon
   212 | D:1      | Reached XP level 2. HP: 20/23 MP: 2/2
   295 | D:1      | Reached skill level 5 in Unarmed Combat
   633 | D:1      | Noticed a red devil
   635 | D:1      | Noticed a hell beast
   705 | D:2      | Reached XP level 3. HP: 21/28 MP: 3/3
   717 | D:2      | Noticed Ijyb
   825 | D:2      | Found a shattered altar of Ashenzari.
   839 | D:2      | Noticed Sigmund
   896 | D:2      | Killed Ijyb
   896 | D:2      | Reached skill level 6 in Unarmed Combat
   935 | D:2      | Reached XP level 4. HP: 34/34 MP: 4/4
   952 | D:2      | Noticed Terence
   984 | D:2      | Killed Terence
  1445 | D:3      | Reached skill level 7 in Unarmed Combat
  1445 | D:3      | Reached XP level 5. HP: 37/39 MP: 5/5
  1464 | D:3      | Noticed Grinder
  1473 | D:3      | Paralysed by Grinder for 6 turns
  1604 | D:3      | Paralysed by Grinder for 7 turns
  1732 | D:3      | Paralysed by Grinder for 4 turns
  1748 | D:3      | Mangled by Grinder

Action                   |  1- 3 |  4- 6 || total
-------------------------+-------+-------++-------
Melee: Unarmed           |    93 |   114 ||   207
  Use: Scroll            |     8 |       ||     8
 Stab: Sleeping          |     3 |     4 ||     7
       Distracted        |       |     1 ||     1
